 Dungeon Sprint DCSS version 0.31-a0-744-gbc345e7fcb (webtiles) character file.

Game seed: 7421876402595126958

578 rocky1 the Brawler (level 11, -20/80 HPs)
             Began as a Demonspawn Shapeshifter on Sept 14, 2023.
             Was a High Priest of Okawaru.
             Demolished by a phantasmal warrior (24 damage)
             ... in the Dungeon (Sprint VI: "Thunderdome").
             The game lasted 00:09:56 (1013 turns).

rocky1 the Brawler (Demonspawn Shapeshifter)        Turns: 1013, Time: 00:09:57

Health: -20/80     AC:  5    Str: 16      XL:     11   Next: 32%
Magic:  18/18      EV: 16    Int:  9 (10) God:    Okawaru [*****.]
Gold:   45         SH:  0    Dex: 18 (19) Spells: 10/10 levels left

rFire   + .          .
                       - Unarmed
rCold   . . .        (no shield)
rNeg    . . .        a - +0 animal skin
rPois   .            (helmet currently unavailable)
rElec   .            (cloak currently unavailable)
rCorr   .            (gloves currently unavailable)
SInv    .            (boots currently unavailable)
Will    .....        (no amulet)
Stlth   ++           (no ring)
HPRegen 0.33/turn    (no ring)
MPRegen 0.32/turn

%: no teleportation
@: beast-form, on berserk cooldown, slowed, very slow
A: beast (slay +4), hooves 2, slimy green scales 2, magic regeneration, agile 1,
deterioration 1, fire resistance 1
}: 1/15 runes: serpentine
a: Begin Untransformation, Renounce Religion, Heroism, Finesse


You were in the Dungeon.
You worshipped Okawaru.
Okawaru was extremely pleased with you.
You were a hulking beast.
You visited 1 branch You collected 850 gold pieces.
You spent 805 gold pieces at shops.

Inventory:

Armour
 a - a +0 animal skin (worn)
Talismans
 c - a beast talisman (active)
 d - a flux talisman
Wands
 b - a wand of mindburst (7)
 l - a wand of quicksilver (2)
Scrolls
 j - 2 scrolls of blinking
 n - 2 scrolls of fog
Potions
 e - 4 potions of curing
 f - 4 potions of heal wounds
 g - 2 potions of haste
 h - 2 potions of magic
 i - 2 potions of berserk rage
 k - a potion of resistance
 m - 2 potions of mutation


   Skills:
 + Level 5.3 Fighting
 + Level 7.3 Dodging
 * Level 17.6 Unarmed Combat
 - Level 10.3 Invocations
 - Level 1.1 Evocations
 + Level 10.0 Shapeshifting


You had 10 spell levels left.
You didn't know any spells.
Your spell library was empty.

Dungeon Overview and Level Annotations

Branches:
Dungeon (1/1)

Altars:
Cheibriados
Dithmenos
Fedhas
Gozag
Kikubaaqudgha
Makhleb
Okawaru
Qazlal
Ru
Sif Muna
Trog
Uskayaw
Vehumet
Wu Jian
Xom
Yredelemnul
Lugonu

Shops:
D *[=??*?*:[((!!!!


Innate Abilities, Weirdness & Mutations

You are a hulking beast.
Your limbs bulge with bestial killing power. (Slay +4)
You have hoof-like feet.
You are mostly covered in slimy green scales. (AC +3)
You regenerate magic rapidly.
You are agile. (Dex +4, Str/Int -1)
Your body sometimes deteriorates upon taking damage.
Your flesh is heat resistant. (rF+)


Message History

The phantasmal warrior blinks!
You punch the phantasmal warrior!
Your kick misses the phantasmal warrior.
You punch the phantasmal warrior!
The phantasmal warrior is heavily damaged.
The phantasmal warrior hits you!
You barely miss the phantasmal warrior. You kick the phantasmal warrior.
Your punch misses the phantasmal warrior.
The phantasmal warrior is heavily damaged.
The phantasmal warrior barely misses you.
You hit the phantasmal warrior.
The phantasmal warrior is heavily damaged.
The phantasmal warrior closely misses you.
You punch the phantasmal warrior!
The phantasmal warrior is severely damaged.
The phantasmal warrior completely misses you.
You barely miss the phantasmal warrior.
The phantasmal warrior is severely damaged.
The phantasmal warrior hits you but does no damage.
You hit the phantasmal warrior.
Your kick misses the phantasmal warrior.
The phantasmal warrior is severely damaged.
The phantasmal warrior hits you!
Your body deteriorates!
You feel dopey.
You closely miss the phantasmal warrior.
You kick the phantasmal warrior, but do no damage.
The phantasmal warrior is severely damaged.
The phantasmal warrior hits you!!
* * * LOW HITPOINT WARNING * * *
Your body deteriorates!
You feel clumsy.
You hit the phantasmal warrior but do no damage.
You kick the phantasmal warrior, but do no damage.
The phantasmal warrior is severely damaged.
The phantasmal warrior misses you.
Unknown command.
You hit the phantasmal warrior.
You kick the phantasmal warrior, but do no damage.
The phantasmal warrior is almost destroyed.
The phantasmal warrior hits you!!
You die...

#⌠.[...§§).).⌠#
####.8....§....8.######
___......###........_∩##
.......8W# #.8........∩###
.........###.............##
......###...###..........⌠#
......# #.<.# #.....)).).⌠#
......###..)###..........⌠#
.........###...Wh........##
.......8.# #.8........∩###
___......###.)....___∩##
####.8..[......8.######
#⌠...........⌠#
###..[......### #_......._#
#........_# #........_#


You could see a phantasmal warrior.

Vanquished Creatures
  A naga warrior (D)
  An ogre mage (D)
  A two-headed ogre (D)
  Nergalle (D)
  A naga ritualist (D)
  A phantasmal warrior (D)
  2 shining eyes (D)
  Sigmund (D)
  2 wraiths (D)
  2 floating eyes (D)
  5 ogres (D)
  2 jellies (D)
  A hound (D)
  Jessica (D)
  Terence (D)
  A white imp (D)
  A dart slug (D)
  An endoplasm (D)
  A jackal (D)
  2 bats (D)
  A rat (D)
30 creatures vanquished.

Notes
Turn   | Place    | Note
-------+----------+-------------------------------------------
     0 | D        | rocky1 the Demonspawn Shapeshifter began the quest for the
                  | Orb.
     0 | D        | Reached XP level 1. HP: 15/15 MP: 1/1
     4 | D        | Found a sacrificial altar of Ru.
     4 | D        | Found a radiant altar of Vehumet.
     5 | D        | Found a blossoming altar of Fedhas.
     5 | D        | Found an ancient bone altar of Kikubaaqudgha.
     5 | D        | Round 1.
     6 | D        | Found a shimmering altar of Xom.
     6 | D        | Found a corrupted altar of Lugonu.
     7 | D        | Found Tiomej's Timeless Talismans.
     7 | D        | Found a basalt altar of Yredelemnul.
     7 | D        | Found an ornate altar of the Wu Jian Council.
     7 | D        | Found Uskiwo's Identification Station.
     8 | D        | Found Peclo's Jewellery.
     8 | D        | Found Saenkiud's Advanced Armour.
    13 | D        | Noticed a hound
    17 | D        | Reached skill level 3 in Unarmed Combat
    27 | D        | Killed a hound
    28 | D        | Reached skill level 4 in Unarmed Combat
    28 | D        | Gained mutation: You have large cloven feet. [demonic
                  | ancestry]
    28 | D        | Reached XP level 2. HP: 4/21 MP: 2/2
    28 | D        | Gained mutation: You have hoof-like feet. [demonic
                  | ancestry]
    28 | D        | Reached XP level 3. HP: 5/26 MP: 3/3
    34 | D        | Noticed Sigmund
    36 | D        | Killed Sigmund
    37 | D        | Reached skill level 7 in Unarmed Combat
    37 | D        | Reached XP level 4. HP: 9/33 MP: 4/4
    37 | D        | Gained mutation: You are partially covered in slimy green
                  | scales. (AC +2) [demonic ancestry]
    37 | D        | Reached XP level 5. HP: 10/38 MP: 5/5
    55 | D        | Found a shadowy altar of Dithmenos.
    56 | D        | Found an iron altar of Okawaru.
    56 | D        | Found an opulent altar of Gozag.
    56 | D        | Found a bloodstained altar of Trog.
    56 | D        | Found Egai's Magic Scroll Shop.
    56 | D        | Found Tyt Nil's Staff Store.
    57 | D        | Found Hedaig's Magic Scroll Shop.
    57 | D        | Found Ucajie's Must-Have Magic.
    82 | D        | Found a burning altar of Makhleb.
    87 | D        | Found Esula's Premium Goods.
    88 | D        | Found Vuoq's Miscellaneous Merchandise.
    88 | D        | Found Ibeummuq's Basic Armour.
    89 | D        | Found a snail-covered altar of Cheibriados.
    89 | D        | Found a hide-covered altar of Uskayaw.
    89 | D        | Found Qoyd's Weapon Rack.
    94 | D        | Found a stormy altar of Qazlal.
    95 | D        | Arena points: 12 (+12) [x2]
    96 | D        | Found a shimmering blue altar of Sif Muna.
   100 | D        | Found Wuemeir's Do-It-Yourself Clinic.
   100 | D        | Found Meplayru's Distillery.
   101 | D        | Found Wontavim's Bottled Wisdom.
   101 | D        | Found Bofiaf's Distillery.
   114 | D        | Became a worshipper of Warmaster Okawaru
   131 | D        | Round 2.
   147 | D        | Noticed Terence
   152 | D        | Noticed Jessica
   155 | D        | Killed Terence
   159 | D        | Killed Jessica
   160 | D        | Reached skill level 1 in Evocations
   161 | D        | Reached skill level 1 in Invocations
   161 | D        | Reached XP level 6. HP: 43/46 MP: 5/7
   190 | D        | Arena points: 54 (+42) [x3]
   266 | D        | Round 3.
   274 | D        | Noticed a shining eye
   276 | D        | Gained mutation: You are weak. (Str -2) [a shining eye]
   278 | D        | Gained mutation: You occasionally lose the ability to read
                  | scrolls when taking damage. [a shining eye]
   281 | D        | Gained mutation: You occasionally lose the ability to drink
                  | potions when taking damage. [a shining eye]
   283 | D        | Gained mutation: You are frail. (-10% HP) [a shining eye]
   287 | D        | Killed a shining eye
   287 | D        | Reached * piety under Okawaru
   288 | D        | Reached skill level 10 in Unarmed Combat
   288 | D        | Reached skill level 5 in Invocations
   288 | D        | Reached XP level 7. HP: 46/46 MP: 7/10
   385 | D        | Paralysed by a floating eye for 3 turns
   390 | D        | Reached ** piety under Okawaru
   391 | D        | Reached skill level 11 in Unarmed Combat
   394 | D        | Noticed a shining eye
   406 | D        | Killed a shining eye
   407 | D        | Reached skill level 5 in Dodging
   407 | D        | Reached XP level 8. HP: 52/52 MP: 11/13
   418 | D        | Arena points: 138 (+84) [x4]
   419 | D        | Reached skill level 12 in Unarmed Combat
   446 | D        | Bought 3 potions of mutation for 168 gold pieces
   446 | D        | Bought 2 potions of mutation for 112 gold pieces
   446 | D        | Bought a potion of mutation for 56 gold pieces
   446 | D        | Lost mutation: You are weak. (Str -2) [potion of mutation]
   446 | D        | Lost mutation: You occasionally lose the ability to read
                  | scrolls when taking damage. [potion of mutation]
   446 | D        | Gained mutation: You are very frail. (-20% HP) [potion of
                  | mutation]
   446 | D        | Gained mutation: You have hooves in place of feet. [potion
                  | of mutation]
   447 | D        | Lost mutation: You occasionally lose the ability to drink
                  | potions when taking damage. [potion of mutation]
   447 | D        | Lost mutation: You have hooves in place of feet. [potion of
                  | mutation]
   447 | D        | Lost mutation: You are very frail. (-20% HP) [potion of
                  | mutation]
   447 | D        | Gained mutation: Your spells are a little harder to cast,
                  | but a little more powerful. [potion of mutation]
   447 | D        | Gained mutation: Your magical capacity is low. (-10% MP)
                  | [potion of mutation]
   448 | D        | Lost mutation: You are frail. (-10% HP) [potion of
                  | mutation]
   448 | D        | Lost mutation: Your magical capacity is low. (-10% MP)
                  | [potion of mutation]
   448 | D        | Gained mutation: You occasionally lose the ability to drink
                  | potions when taking damage. [potion of mutation]
   448 | D        | Gained mutation: You have a pair of small horns on your
                  | head. [potion of mutation]
   449 | D        | Lost mutation: You occasionally lose the ability to drink
                  | potions when taking damage. [potion of mutation]
   449 | D        | Lost mutation: You have a pair of small horns on your head.
                  | [potion of mutation]
   449 | D        | Lost mutation: Your spells are a little harder to cast, but
                  | a little more powerful. [potion of mutation]
   449 | D        | Gained mutation: Your body sometimes deteriorates upon
                  | taking damage. [potion of mutation]
   449 | D        | Gained mutation: Your flesh is heat resistant. (rF+)
                  | [potion of mutation]
   449 | D        | Gained mutation: You are agile. (Dex +4, Str/Int -1)
                  | [potion of mutation]
   475 | D        | Round 4.
   490 | D        | Reached *** piety under Okawaru
   600 | D        | Noticed an ogre mage
   600 | D        | Noticed a two-headed ogre
   613 | D        | Killed an ogre mage
   614 | D        | Reached skill level 13 in Unarmed Combat
   614 | D        | Gained mutation: You regenerate magic rapidly. [demonic
                  | ancestry]
   614 | D        | Reached XP level 9. HP: 20/64 MP: 13/15
   617 | D        | Killed a two-headed ogre
   617 | D        | Reached **** piety under Okawaru
   618 | D        | Reached skill level 14 in Unarmed Combat
   621 | D        | Arena points: 298 (+160) [x5]
   622 | D        | Reached skill level 15 in Unarmed Combat
   660 | D        | Bought 5 potions of berserk rage for 175 gold pieces
   660 | D        | Round 5.
   677 | D        | Noticed a naga ritualist
   687 | D        | Killed a naga ritualist
   689 | D        | Noticed a naga warlord
   728 | D        | Noticed a naga warrior
   767 | D        | Killed a naga warlord
   767 | D        | Reached ***** piety under Okawaru
   767 | D        | Arena points: 578 (+280) [x7]
   768 | D        | Reached skill level 16 in Unarmed Combat
   768 | D        | Reached skill level 10 in Invocations
   768 | D        | Gained mutation: You are mostly covered in slimy green
                  | scales. (AC +3) [demonic ancestry]
   768 | D        | Reached XP level 10. HP: 24/71 MP: 17/17
   768 | D        | Got a serpentine rune of Zot
   952 | D        | Round 6.
   953 | D        | Noticed Nergalle
   966 | D        | Noticed a phantasmal warrior
   972 | D        | Killed Nergalle
   979 | D        | Killed a phantasmal warrior
   980 | D        | Reached skill level 17 in Unarmed Combat
   980 | D        | Reached skill level 5 in Fighting
   980 | D        | Reached skill level 10 in Shapeshifting
   980 | D        | Reached XP level 11. HP: 9/80 MP: 18/18
   987 | D        | Bought 4 potions of curing for 84 gold pieces
   987 | D        | Bought 3 potions of heal wounds for 105 gold pieces
   987 | D        | Bought 3 potions of heal wounds for 105 gold pieces
  1003 | D        | Noticed a phantasmal warrior
  1011 | D        | HP: 3/80 [phantasmal warrior (32)]
  1013 | D        | Demolished by a phantasmal warrior

Illustrated notes

Levels and vault maps discovered:
D:        arena_sprint

Skill      XL: |  1  2  3  4  5  6  7  8  9 10 |
---------------+-------------------------------+-----
Unarmed Combat | 4 7 10 11 13 16 17 | 17.6
Dodging        | 2 3 4 5 6 7 |  7.3
Shapeshifting  | 4 6 7 8 9 10 | 10.0
Fighting       | 2 3 4 5 |  5.3
Evocations     | 1 |  1.1
Invocations    | 1 5 6 8 10 | 10.3

Action                     |  1- 3 |  4- 6 |  7- 9 | 10-12 || total
---------------------------+-------+-------+-------+-------++-------
  Melee: Unarmed           |    16 |    16 |    58 |    36 ||   126
         Punch             |     1 |       |     5 |     2 ||     8
         Kick              |       |     3 |    15 |    13 ||    31
  Evoke: Wand              |     2 |     6 |       |       ||     8
    Use: Potion            |       |       |    15 |     4 ||    19
         Scroll            |       |       |     2 |     1 ||     3
 Armour: Animal skin       |     9 |     2 |    14 |    21 ||    46
         Skin              |       |       |     9 |       ||     9
  Dodge: Dodged            |    12 |     7 |    10 |    14 ||    43

Table legend: (Time is in decaauts)
 A = Elapsed time spent in this place.
 B = Non-inter-level travel time spent in this place.
 C = Inter-level travel time spent in this place.
 D = Time resting spent in this place.
 E = Time spent auto-exploring this place.
 F = Levels seen in this place.
 G = Mean time per level.
                   A        B        C        D        E       F      G
               +--------+--------+--------+--------+--------+-----+--------+
         Total |   1009 |   1009 |      0 |    347 |      0 |   1 | 1009.0 |
       Dungeon |   1009 |   1009 |      0 |    347 |      0 |   1 | 1009.0 |
               +--------+--------+--------+--------+--------+-----+--------+

Top non-repeatable levels by time:
       D: 1009 daAuts
